cohdb
Replays
Latest Replays
All Replays
Popular Replays
Top Player Replays
Match Explorer
How It Works
Community
CoH3 Stats
Reddit
Sign in to upload your games and track your stats! →
Sign in with Steam
Match 41614760
Unlisted
Match 41614760
Overview
Messages
Build Orders
End
Construct Infanterie Kompanie
Selects Mechanized Battlegroup
Grenadier Squad
MG 42 Machine Gun Team
Construct Panzergrenadier Kompanie
Panzergrenadier Squad
251 Medium Carrier
Pak 40 Anti-tank Gun Team
Panzergrenadier Squad
MG 42 Machine Gun Team
Selects Raid Package
Construct Panzer Kompanie
Selects StuG Assault Group
Selects UNKNOWN (2160084)
StuG Assault Group
Pioneer Squad
MG 42 Bunker
Selects Mobile Repair Stations
Selects Wespe Self-propelled Artillery
Selects Zeroing Artillery Barrage
Zeroing Artillery Barrage
Panther Heavy Tank
Zeroing Artillery Barrage
Pioneer Squad
Zeroing Artillery Barrage
Scat
Shark
Drink||Belzebuth
Cmdte. Canela
Inkredyble
STALKER4732
ezh
TheMallis
0
0
Comments
sign in to comment!
No comments posted yet!